Pick #1

Connor Bedard
Pick #2

Leo Carlsson
Pick #3

Adam Fantilli
Pick #4

Matvei Michkov
Pick #5

David Reinbacher
Pick #6

William Smith
Pick #7

Zachary Benson
Pick #8

Ryan Leonard
Pick #9

Gabriel Perreault
Pick #10

Axel Sandin-Pellika
Pick #11

Daniil But
Pick #12

Dalibor Dvorsky
Pick #13

Quentin Musty
Pick #14

Brayden Yager
Pick #15

Dmitry Simashev
Pick #16

Colby Barlow
Pick #17

Andrew Cristall
Pick #18

Easton Cowan
Pick #19

Jacob Fowler
Pick #20

Oliver Moore
Pick #21

Oliver Bonk
Pick #22

Tom Willander
Pick #23

Calum Ritchie
Pick #24

Tanner Molendyk
Pick #25

Gavin Brindley
Pick #26

Nate Danielson
Pick #27

Pick #28

Pick #29

Pick #30

Pick #31

Pick #32

Pick #33

Pick #34

Pick #35

Pick #36

Pick #37

Pick #38

Pick #39

Pick #40

Pick #41

Pick #42

Pick #43

Pick #44

Pick #45

Pick #46

Pick #47

Pick #48

Pick #49

Pick #50

Pick #51

Pick #52

Pick #53

Pick #54

Pick #55

Pick #56

Pick #57

Pick #58

Pick #59

Pick #60

Pick #61

Pick #62

Pick #63

Pick #64

Pick #65

Pick #66

Pick #67

Pick #68

Pick #69

Pick #70

Pick #71

Pick #72

Pick #73

Pick #74

Pick #75

Pick #76

Pick #77

Pick #78

Pick #79

Pick #80

Pick #81

Pick #82

Pick #83

Pick #84

Pick #85

Pick #86

Pick #87

Pick #88

Pick #89

Pick #90

Pick #91

Pick #92

Pick #93

Pick #94

Pick #95

Pick #96

Pick #97

Pick #98

Pick #99

Pick #100

Pick #101

Pick #102

Pick #103

Pick #104

Pick #105

Pick #106

Pick #107

Pick #108

Pick #109

Pick #110

Pick #111

Pick #112

Pick #113

Pick #114

Pick #115

Pick #116

Pick #117

Pick #118

Pick #119

Pick #120

Pick #121

Pick #122

Pick #123

Pick #124

Pick #125

Pick #126

Pick #127

Pick #128

Pick #129

Pick #130

Full Scoreboard »»

Panthers vs Lightning

Created - January 17, 2024 at 08:03

Goals
1 2 3 T
Panthers 1 3 1 5
Lightning 1 0 0 1
Shots
1 2 3 T
Panthers 12 11 5 28
Lightning 5 5 6 16

GoalsPenalties
1st period
1. Panthers , Quinn Hughes 5 (Aleksander Barkov 24, Andrei Svechnikov 16) at 5:12 (PP)
2. Lightning , Marco Scandella 1 (Barclay Goodrow 6, Erik Haula 8) at 11:37
Sam Bennett (TBL) for Hooking (Minor) at 4:56
Sam Bennett (TBL) for Tripping (Minor) at 7:25
2nd period
3. Panthers , Mike Matheson 5 (Owen Power 25, Alexandar Georgiev) at 3:47 (PP)
4. Panthers , Jake Sanderson 2 (Aleksander Barkov 25, Matthew Tkachuk 19) at 9:58
5. Panthers , Roope Hintz 20 (Mike Matheson 20, Brady Tkachuk 11) at 10:08
Sam Bennett (TBL) for Hooking (Minor) at 3:30
3rd period
6. Panthers , Aleksander Barkov 20 (Charlie McAvoy 23) at 0:54
Sam Bennett (TBL) for Roughing (Minor) at 3:43
John Klingberg (TBL) for Tripping (Minor) at 15:07
Goalie Stats
Alexandar Georgiev (FLA), 15 saves from 16 shots - (0.938), W, 25-6-2, 60:00 minutes
Jacob Markstrom (TBL), 19 saves from 24 shots - (0.792), L, 17-9-5, 40:54 minutes
Martin Jones (TBL), 4 saves from 4 shots - (1.000), 19:06 minutes
3 StarsOfficial
1 - Aleksander Barkov (FLA)
2 - Mike Matheson (FLA)
3 - Brady Tkachuk (FLA)
Referees : Kelly Sutherland and Eric Furlatt
Linesman : Jonny Murray and Dennis Urban
Game Note
Andrei Svechnikov is injured at 14:03 of 2nd period (Upper Body)
Martin Jones enters game at 0:54 of 3rd period
Finance
Level 1 -- Attendance: 5789 (89.06%) -- Ticket Income $636,790
Level 2 -- Attendance: 3808 (76.16%) -- Ticket Income $361,760
Level 3 -- Attendance: 2649 (75.69%) -- Ticket Income $198,675
Level 4 -- Attendance: 2867 (89.48%) -- Ticket Income $129,015
Luxury Box -- Attendance: 490 (49.00%) -- Ticket Income $176,400
Game was played at the Amalie Arena.
Total Attendance: 15603 (81.25%)
Total Ticket Income: $1,502,640
Other Income: $375,660
Total Income: $1,878,300



Team Name Goals Shots Shots Attemp Shots Blocked PIM HIT PP PK FO%
Panthers 5285850252 / 5 (40%)053%
Lightning 11635810140 / 0 (0.00%247%

Panthers
Player Name POS G A P +/- PIM HIT SHT SB MP PP MP PP SHT PK MP PK SHT FO% FOT
Aleksander BarkovC1231005023:133:3410:00052% 31
Andrei SvechnikovRW0110021113:331:1400:0000% 0
Brady TkachukLW0111060016:032:5600:000100% 2
Charlie McAvoyD0111022023:103:4110:0000% 0
Frederick GaudreauC0000002010:480:0000:00069% 16
Jack HughesC0001004021:432:5600:0000% 0
Jake SandersonD1010011020:260:0000:0000% 0
Jamie BennLW0001033014:141:4600:000100% 1
Kasperi KapanenRW0000012011:220:3400:0000% 1
Matthew TkachukLW0111041023:133:3400:000100% 1
Michael McLeodC000001109:560:0000:0000% 0
Mikael BacklundC000000109:560:0000:00060% 5
Mike MathesonD1121021116:242:4910:0000% 0
Oliver Ekman-LarssonD0001010213:350:0000:0000% 0
Owen PowerD0110011023:152:4900:0000% 0
Quinn HughesD1011001023:103:4110:0000% 0
Robby FabbriC000001119:560:0000:0000% 0
Roope HintzC1011001016:032:5600:00035% 20
Lightning
Player Name POS G A P +/- PIM HIT SHT SB MP PP MP PP SHT PK MP PK SHT FO% FOT
Alex KillornLW000000209:250:0000:36050% 2
Barclay GoodrowC011000008:520:0001:3400% 1
Ben ChiarotD000-1030121:110:0003:0500% 0
Brandon MontourD000-2010224:200:0003:0300% 0
Brock NelsonC0000001017:220:0000:36047% 19
Dawson MercerC0000002010:230:0001:3410% 0
Erik HaulaLW0110001011:380:0004:2000% 1
Jeff SkinnerLW000-2021020:370:0000:000100% 1
John KlingbergD000-2220123:180:0002:0200% 0
Kevin ShattenkirkD000-1002221:110:0003:0500% 0
Marco ScandellaD1011001015:300:0001:2300% 0
Patrice BergeronC000-2003020:370:0000:00045% 20
Radko GudasD0001020114:290:0000:2200% 0
Ryan StromeC000000108:490:0000:00050% 8
Sam BennettC0000822016:420:0000:000100% 2
Teddy BluegerC0000000111:380:0004:20047% 17
Tyler ToffoliRW000-2020020:370:0000:00025% 4
William KarlssonC0000000016:460:0000:00050% 2



Play-by-Play

1st period


0:01 of 1st period - Patrice Bergeron wins face-off versus Aleksander Barkov in neutral zone.
1:11 of 1st period - Icing by Kevin Shattenkirk.
1:12 of 1st period - Frederick Gaudreau wins face-off versus Brock Nelson in Lightning zone.
1:23 of 1st period - Shot by Jamie Benn.
1:23 of 1st period - Shot Blocked by Ben Chiarot.
1:25 of 1st period - Shot by Mike Matheson.
1:25 of 1st period - Shot Blocked by Kevin Shattenkirk.
1:44 of 1st period - Brock Nelson is hit by Mike Matheson and loses puck.
1:48 of 1st period - Icing by Mike Matheson.
1:49 of 1st period - Frederick Gaudreau wins face-off versus Ryan Strome in Panthers zone.
1:56 of 1st period - Shot by Kasperi Kapanen.
1:56 of 1st period - Stopped by Jacob Markstrom without a rebound.
1:57 of 1st period - Teddy Blueger wins face-off versus Roope Hintz in Lightning zone.
1:57 of 1st period - Teddy Blueger is hit by Brady Tkachuk.
2:26 of 1st period - Shot by Brady Tkachuk.
2:26 of 1st period - Shot Blocked by Radko Gudas.
2:28 of 1st period - Shot by Owen Power.
2:28 of 1st period - Shot Blocked by Teddy Blueger.
3:32 of 1st period - Shot by Dawson Mercer.
3:32 of 1st period - Stopped by Alexandar Georgiev without a rebound.
3:33 of 1st period - Aleksander Barkov wins face-off versus Patrice Bergeron in Panthers zone.
3:38 of 1st period - Shot by Tyler Toffoli.
3:38 of 1st period - Shot Misses the Net.
3:44 of 1st period - Shot by Jeff Skinner.
3:44 of 1st period - Shot Blocked by Mike Matheson.
4:02 of 1st period - Shot by Aleksander Barkov.
4:02 of 1st period - Deflect By Andrei Svechnikov.
4:02 of 1st period - Shot Misses the Net.
4:12 of 1st period - Shot by Aleksander Barkov.
4:12 of 1st period - Stopped by Jacob Markstrom without a rebound.
4:13 of 1st period - Roope Hintz wins face-off versus Brock Nelson in Lightning zone.
4:39 of 1st period - Shot by Roope Hintz.
4:39 of 1st period - Deflect By Brady Tkachuk.
4:39 of 1st period - Shot Misses the Net.
4:51 of 1st period - Shot by Brock Nelson.
4:51 of 1st period - Shot Misses the Net.
4:56 of 1st period - Minor Penalty to Sam Bennett for Hooking.
4:57 of 1st period - Teddy Blueger wins face-off versus Aleksander Barkov in Lightning zone.
5:06 of 1st period - Shot by Quinn Hughes.
5:06 of 1st period - Shot Blocked by Kevin Shattenkirk.
5:08 of 1st period - Shot by Aleksander Barkov.
5:08 of 1st period - Shot Misses the Net.
5:10 of 1st period - Shot by Quinn Hughes.
5:10 of 1st period - Shot Misses the Net.
5:12 of 1st period - Shot by Quinn Hughes.
5:12 of 1st period - Goal by Quinn Hughes - Panthers : 1 - Lightning : 0.
5:13 of 1st period - Frederick Gaudreau wins face-off versus Patrice Bergeron in neutral zone.
5:24 of 1st period - Icing by Marco Scandella.
5:25 of 1st period - Aleksander Barkov wins face-off versus Tyler Toffoli in Lightning zone.
5:53 of 1st period - Charlie McAvoy is hit by Tyler Toffoli.
6:01 of 1st period - Shot by Aleksander Barkov.
6:01 of 1st period - Shot Misses the Net.
6:03 of 1st period - Shot by Charlie McAvoy.
6:03 of 1st period - Stopped by Jacob Markstrom without a rebound.
6:04 of 1st period - Ryan Strome wins face-off versus Frederick Gaudreau in Lightning zone.
6:23 of 1st period - Off-side.
6:24 of 1st period - Brock Nelson wins face-off versus Roope Hintz in neutral zone.
6:31 of 1st period - Shot by Brock Nelson.
6:31 of 1st period - Shot Blocked by Oliver Ekman-Larsson.
6:33 of 1st period - Shot by Kevin Shattenkirk.
6:33 of 1st period - Stopped by Alexandar Georgiev without a rebound.
6:34 of 1st period - Ryan Strome wins face-off versus Aleksander Barkov in Panthers zone.
6:47 of 1st period - Shot by Alex Killorn.
6:47 of 1st period - Stopped by Alexandar Georgiev with a rebound.
6:58 of 1st period - Alex Killorn is hit by Jake Sanderson.
7:04 of 1st period - Shot by Alex Killorn.
7:04 of 1st period - Shot Misses the Net.
7:25 of 1st period - Minor Penalty to Sam Bennett for Tripping.
7:26 of 1st period - Roope Hintz wins face-off versus Teddy Blueger in Lightning zone.
8:01 of 1st period - Shot by Jack Hughes.
8:01 of 1st period - Shot Misses the Net.
8:03 of 1st period - Shot by Roope Hintz.
8:03 of 1st period - Shot Misses the Net.
8:47 of 1st period - Icing by Andrei Svechnikov.
8:48 of 1st period - Aleksander Barkov wins face-off versus Barclay Goodrow in Panthers zone.
9:11 of 1st period - Icing by Owen Power.
9:12 of 1st period - Aleksander Barkov wins face-off versus Teddy Blueger in Panthers zone.
9:27 of 1st period - Shot by Aleksander Barkov.
9:27 of 1st period - Deflect By Jamie Benn.
9:27 of 1st period - Stopped by Jacob Markstrom without a rebound.
9:28 of 1st period - Frederick Gaudreau wins face-off versus Patrice Bergeron in Lightning zone.
9:38 of 1st period - Shot by Frederick Gaudreau.
9:38 of 1st period - Deflect By Jamie Benn.
9:38 of 1st period - Shot Misses the Net.
9:40 of 1st period - Shot by Frederick Gaudreau.
9:40 of 1st period - Stopped by Jacob Markstrom without a rebound.
9:41 of 1st period - Sam Bennett wins face-off versus Roope Hintz in Lightning zone.
11:24 of 1st period - Icing by Jake Sanderson.
11:25 of 1st period - Aleksander Barkov wins face-off versus Teddy Blueger in Panthers zone.
11:27 of 1st period - Icing by Matthew Tkachuk.
11:28 of 1st period - Teddy Blueger wins face-off versus Aleksander Barkov in Panthers zone.
11:33 of 1st period - Shot by Erik Haula.
11:33 of 1st period - Shot Misses the Net.
11:37 of 1st period - Shot by Marco Scandella.
11:37 of 1st period - Goal by Marco Scandella - Panthers : 1 - Lightning : 1.
11:38 of 1st period - Ryan Strome wins face-off versus Kasperi Kapanen in neutral zone.
11:49 of 1st period - Shot by Kasperi Kapanen.
11:49 of 1st period - Stopped by Jacob Markstrom without a rebound.
11:50 of 1st period - Brady Tkachuk wins face-off versus Patrice Bergeron in Lightning zone.
12:12 of 1st period - Shot by Jack Hughes.
12:12 of 1st period - Stopped by Jacob Markstrom without a rebound.
12:13 of 1st period - Brock Nelson wins face-off versus Aleksander Barkov in Lightning zone.
12:13 of 1st period - Brock Nelson is hit by Andrei Svechnikov.
12:49 of 1st period - Shot by Aleksander Barkov.
12:49 of 1st period - Shot Misses the Net.
12:58 of 1st period - Matthew Tkachuk is hit by Ben Chiarot and loses puck.
13:19 of 1st period - Shot by Jamie Benn.
13:19 of 1st period - Shot Misses the Net.
13:22 of 1st period - Icing by Sam Bennett.
13:23 of 1st period - Brock Nelson wins face-off versus Roope Hintz in Lightning zone.
13:23 of 1st period - Ben Chiarot is hit by Brady Tkachuk and loses puck.
13:37 of 1st period - Shot by Jack Hughes.
13:37 of 1st period - Stopped by Jacob Markstrom without a rebound.
13:38 of 1st period - Patrice Bergeron wins face-off versus Frederick Gaudreau in Lightning zone.
14:08 of 1st period - Brandon Montour is hit by Kasperi Kapanen and loses puck.
14:15 of 1st period - Shot by Jamie Benn.
14:15 of 1st period - Stopped by Jacob Markstrom without a rebound.
14:16 of 1st period - Aleksander Barkov wins face-off versus Erik Haula in Lightning zone.
14:48 of 1st period - Teddy Blueger is hit by Charlie McAvoy and loses puck.
15:09 of 1st period - Teddy Blueger is hit by Andrei Svechnikov and loses puck.
15:52 of 1st period - Shot by Jack Hughes.
15:52 of 1st period - Stopped by Jacob Markstrom with a rebound.
16:16 of 1st period - Shot by Robby Fabbri.
16:16 of 1st period - Stopped by Jacob Markstrom without a rebound.
16:17 of 1st period - Jeff Skinner wins face-off versus Frederick Gaudreau in Lightning zone.
16:44 of 1st period - Shot by Jeff Skinner.
16:44 of 1st period - Shot Blocked by Oliver Ekman-Larsson.
16:48 of 1st period - Shot by Tyler Toffoli.
16:48 of 1st period - Shot Misses the Net.
16:50 of 1st period - Shot by Patrice Bergeron.
16:50 of 1st period - Stopped by Alexandar Georgiev without a rebound.
16:51 of 1st period - Aleksander Barkov wins face-off versus Ryan Strome in Panthers zone.
17:16 of 1st period - Icing by Matthew Tkachuk.
17:17 of 1st period - Aleksander Barkov wins face-off versus William Karlsson in Panthers zone.
17:17 of 1st period - Aleksander Barkov is hit by Sam Bennett.
18:04 of 1st period - Brandon Montour is hit by Brady Tkachuk and loses puck.
19:31 of 1st period - Shot by Jeff Skinner.
19:31 of 1st period - Shot Blocked by Robby Fabbri.
19:52 of 1st period - Shot by Matthew Tkachuk.
19:52 of 1st period - Shot Misses the Net.
Goals for this period are 1 for Panthers vs 1 for Lightning.
Shots for this period are 12 for Panthers vs 5 for Lightning.

2nd period


0:01 of 2nd period - Aleksander Barkov wins face-off versus Tyler Toffoli in neutral zone.
0:40 of 2nd period - Shot by Matthew Tkachuk.
0:40 of 2nd period - Shot Blocked by John Klingberg.
0:42 of 2nd period - Shot by Aleksander Barkov.
0:42 of 2nd period - Stopped by Jacob Markstrom without a rebound.
0:43 of 2nd period - Ryan Strome wins face-off versus Roope Hintz in Lightning zone.
0:43 of 2nd period - Ryan Strome is hit by Brady Tkachuk.
1:09 of 2nd period - Shot by Dawson Mercer.
1:09 of 2nd period - Shot Misses the Net.
1:11 of 2nd period - Shot by Kevin Shattenkirk.
1:11 of 2nd period - Stopped by Alexandar Georgiev without a rebound.
1:12 of 2nd period - Frederick Gaudreau wins face-off versus Brock Nelson in Panthers zone.
1:27 of 2nd period - Sam Bennett is hit by Mike Matheson and loses puck.
1:40 of 2nd period - Shot by Jamie Benn.
1:40 of 2nd period - Stopped by Jacob Markstrom without a rebound.
1:41 of 2nd period - Patrice Bergeron wins face-off versus Roope Hintz in Lightning zone.
1:50 of 2nd period - Brandon Montour is hit by Brady Tkachuk.
2:43 of 2nd period - Shot by Ryan Strome.
2:43 of 2nd period - Stopped by Alexandar Georgiev with a rebound.
3:23 of 2nd period - Shot by Alex Killorn.
3:23 of 2nd period - Stopped by Alexandar Georgiev with a rebound.
3:30 of 2nd period - Minor Penalty to Sam Bennett for Hooking.
3:31 of 2nd period - Roope Hintz wins face-off versus Teddy Blueger in Lightning zone.
3:35 of 2nd period - Jack Hughes is hit by John Klingberg and loses puck.
3:47 of 2nd period - Shot by Mike Matheson.
3:47 of 2nd period - Goal by Mike Matheson - Panthers : 2 - Lightning : 1.
3:48 of 2nd period - Frederick Gaudreau wins face-off versus Brock Nelson in neutral zone.
3:58 of 2nd period - Radko Gudas is hit by Jamie Benn and loses puck.
4:13 of 2nd period - Shot by Jamie Benn.
4:13 of 2nd period - Deflect By Kasperi Kapanen.
4:13 of 2nd period - Shot Misses the Net.
4:33 of 2nd period - Brock Nelson is hit by Oliver Ekman-Larsson and loses puck.
5:31 of 2nd period - Owen Power is hit by Jeff Skinner and loses puck.
5:49 of 2nd period - Icing by Jake Sanderson.
5:50 of 2nd period - Teddy Blueger wins face-off versus Aleksander Barkov in Panthers zone.
5:55 of 2nd period - Shot by Erik Haula.
5:55 of 2nd period - Stopped by Alexandar Georgiev without a rebound.
5:56 of 2nd period - Brock Nelson wins face-off versus Roope Hintz in Panthers zone.
6:05 of 2nd period - Icing by Roope Hintz.
6:06 of 2nd period - Alex Killorn wins face-off versus Roope Hintz in Panthers zone.
8:08 of 2nd period - Brock Nelson is hit by Robby Fabbri and loses puck.
8:15 of 2nd period - Shot by Mikael Backlund.
8:15 of 2nd period - Shot Misses the Net.
8:17 of 2nd period - Shot by Michael McLeod.
8:17 of 2nd period - Stopped by Jacob Markstrom with a rebound.
8:25 of 2nd period - Shot by Mikael Backlund.
8:25 of 2nd period - Stopped by Jacob Markstrom with a rebound.
8:33 of 2nd period - Sam Bennett is hit by Michael McLeod and loses puck.
8:45 of 2nd period - Icing by Marco Scandella.
8:46 of 2nd period - William Karlsson wins face-off versus Frederick Gaudreau in Lightning zone.
8:58 of 2nd period - Icing by Quinn Hughes.
8:59 of 2nd period - Frederick Gaudreau wins face-off versus Patrice Bergeron in Panthers zone.
9:16 of 2nd period - Shot by Frederick Gaudreau.
9:16 of 2nd period - Stopped by Jacob Markstrom with a rebound.
9:38 of 2nd period - Shot by Jamie Benn.
9:38 of 2nd period - Shot Misses the Net.
9:56 of 2nd period - Shot by Aleksander Barkov.
9:56 of 2nd period - Shot Blocked by Brandon Montour.
9:58 of 2nd period - Shot by Jake Sanderson.
9:58 of 2nd period - Goal by Jake Sanderson - Panthers : 3 - Lightning : 1.
9:59 of 2nd period - Roope Hintz wins face-off versus Teddy Blueger in neutral zone.
10:08 of 2nd period - Shot by Roope Hintz.
10:08 of 2nd period - Goal by Roope Hintz - Panthers : 4 - Lightning : 1.
10:09 of 2nd period - Sam Bennett wins face-off versus Aleksander Barkov in neutral zone.
10:36 of 2nd period - Icing by William Karlsson.
10:37 of 2nd period - Roope Hintz wins face-off versus Brock Nelson in Lightning zone.
10:55 of 2nd period - Jack Hughes is hit by Ben Chiarot.
11:35 of 2nd period - Shot by Aleksander Barkov.
11:35 of 2nd period - Shot Misses the Net.
11:37 of 2nd period - Shot by Aleksander Barkov.
11:37 of 2nd period - Deflect By Andrei Svechnikov.
11:37 of 2nd period - Stopped by Jacob Markstrom without a rebound.
11:38 of 2nd period - Mikael Backlund wins face-off versus Patrice Bergeron in Lightning zone.
13:59 of 2nd period - Shot by Dawson Mercer.
13:59 of 2nd period - Shot Misses the Net.
14:01 of 2nd period - Shot by Alex Killorn.
14:01 of 2nd period - Shot Misses the Net.
14:03 of 2nd period - Shot by Kevin Shattenkirk.
14:03 of 2nd period - Shot Blocked by Andrei Svechnikov.
14:03 of 2nd period - Andrei Svechnikov from Panthers is injured at 14:03 of 2nd period (Upper Body).
14:04 of 2nd period - Patrice Bergeron wins face-off versus Roope Hintz in Panthers zone.
14:09 of 2nd period - Shot by Jeff Skinner.
14:09 of 2nd period - Shot Misses the Net.
15:20 of 2nd period - Shot by Sam Bennett.
15:20 of 2nd period - Shot Misses the Net.
15:36 of 2nd period - Shot by Sam Bennett.
15:36 of 2nd period - Stopped by Alexandar Georgiev without a rebound.
15:37 of 2nd period - Aleksander Barkov wins face-off versus Ryan Strome in Panthers zone.
16:57 of 2nd period - Oliver Ekman-Larsson is hit by Brandon Montour and loses puck.
18:02 of 2nd period - Icing by Patrice Bergeron.
18:03 of 2nd period - Aleksander Barkov wins face-off versus Patrice Bergeron in Lightning zone.
18:08 of 2nd period - Shot by Jack Hughes.
18:08 of 2nd period - Stopped by Jacob Markstrom without a rebound.
18:09 of 2nd period - Aleksander Barkov wins face-off versus Teddy Blueger in Lightning zone.
18:17 of 2nd period - Marco Scandella is hit by Matthew Tkachuk and loses puck.
18:21 of 2nd period - Off-side.
18:22 of 2nd period - Frederick Gaudreau wins face-off versus Tyler Toffoli in neutral zone.
18:27 of 2nd period - Shot by Kasperi Kapanen.
18:27 of 2nd period - Shot Misses the Net.
18:29 of 2nd period - Shot by Owen Power.
18:29 of 2nd period - Stopped by Jacob Markstrom without a rebound.
18:30 of 2nd period - Patrice Bergeron wins face-off versus Aleksander Barkov in Lightning zone.
19:02 of 2nd period - Shot by Aleksander Barkov.
19:02 of 2nd period - Shot Blocked by Brandon Montour.
19:11 of 2nd period - Icing by Brandon Montour.
19:12 of 2nd period - Tyler Toffoli wins face-off versus Frederick Gaudreau in Lightning zone.
19:23 of 2nd period - John Klingberg is hit by Jamie Benn and loses puck.
19:33 of 2nd period - Icing by Brandon Montour.
19:34 of 2nd period - Patrice Bergeron wins face-off versus Mikael Backlund in Lightning zone.
19:38 of 2nd period - Icing by Brandon Montour.
19:39 of 2nd period - Patrice Bergeron wins face-off versus Roope Hintz in Lightning zone.
Goals for this period are 3 for Panthers vs 0 for Lightning.
Shots for this period are 11 for Panthers vs 5 for Lightning.

3rd period


0:01 of 3rd period - Roope Hintz wins face-off versus Patrice Bergeron in neutral zone.
0:01 of 3rd period - Roope Hintz is hit by Tyler Toffoli.
0:09 of 3rd period - Brandon Montour is hit by Brady Tkachuk and loses puck.
0:54 of 3rd period - Shot by Aleksander Barkov.
0:54 of 3rd period - Goal by Aleksander Barkov - Panthers : 5 - Lightning : 1.
0:54 of 3rd period - Martin Jones enters game.
0:55 of 3rd period - Brock Nelson wins face-off versus Aleksander Barkov in neutral zone.
0:58 of 3rd period - Charlie McAvoy is hit by Sam Bennett and loses puck.
1:03 of 3rd period - Shot by Brock Nelson.
1:03 of 3rd period - Shot Misses the Net.
1:14 of 3rd period - Off-side.
1:15 of 3rd period - Teddy Blueger wins face-off versus Mikael Backlund in neutral zone.
1:24 of 3rd period - Shot by Teddy Blueger.
1:24 of 3rd period - Shot Misses the Net.
1:40 of 3rd period - Shot by Mikael Backlund.
1:40 of 3rd period - Shot Misses the Net.
1:53 of 3rd period - Mikael Backlund is hit by Radko Gudas and loses puck.
2:07 of 3rd period - Off-side.
2:08 of 3rd period - Aleksander Barkov wins face-off versus Patrice Bergeron in neutral zone.
2:43 of 3rd period - John Klingberg is hit by Matthew Tkachuk.
3:43 of 3rd period - Minor Penalty to Sam Bennett for Roughing.
3:44 of 3rd period - Roope Hintz wins face-off versus Teddy Blueger in Lightning zone.
3:53 of 3rd period - Shot by Charlie McAvoy.
3:53 of 3rd period - Stopped by Martin Jones without a rebound.
3:54 of 3rd period - Jamie Benn wins face-off versus Teddy Blueger in Lightning zone.
3:59 of 3rd period - Shot by Aleksander Barkov.
3:59 of 3rd period - Stopped by Martin Jones without a rebound.
4:00 of 3rd period - Teddy Blueger wins face-off versus Aleksander Barkov in Lightning zone.
4:23 of 3rd period - Shot by Aleksander Barkov.
4:23 of 3rd period - Shot Misses the Net.
4:37 of 3rd period - Shot by Charlie McAvoy.
4:37 of 3rd period - Shot Misses the Net.
5:12 of 3rd period - Shot by Dawson Mercer.
5:12 of 3rd period - Stopped by Alexandar Georgiev with a rebound.
5:51 of 3rd period - Michael McLeod is hit by Radko Gudas and loses puck.
6:37 of 3rd period - Off-side.
6:38 of 3rd period - Aleksander Barkov wins face-off versus Brock Nelson in neutral zone.
6:54 of 3rd period - Off-side.
6:55 of 3rd period - Frederick Gaudreau wins face-off versus Alex Killorn in neutral zone.
7:05 of 3rd period - Off-side.
7:06 of 3rd period - Brady Tkachuk wins face-off versus Brock Nelson in neutral zone.
7:33 of 3rd period - Jack Hughes is hit by John Klingberg and loses puck.
7:45 of 3rd period - Icing by John Klingberg.
7:46 of 3rd period - Brock Nelson wins face-off versus Aleksander Barkov in Lightning zone.
7:53 of 3rd period - Shot by Sam Bennett.
7:53 of 3rd period - Stopped by Alexandar Georgiev with a rebound.
7:55 of 3rd period - Shot by Brock Nelson.
7:55 of 3rd period - Stopped by Alexandar Georgiev without a rebound.
7:56 of 3rd period - Patrice Bergeron wins face-off versus Aleksander Barkov in Panthers zone.
8:03 of 3rd period - Jeff Skinner is hit by Matthew Tkachuk and loses puck.
8:26 of 3rd period - Shot by Patrice Bergeron.
8:26 of 3rd period - Stopped by Alexandar Georgiev without a rebound.
8:27 of 3rd period - Frederick Gaudreau wins face-off versus Ryan Strome in Panthers zone.
8:40 of 3rd period - Alex Killorn is hit by Charlie McAvoy and loses puck.
9:39 of 3rd period - Shot by Jack Hughes.
9:39 of 3rd period - Shot Misses the Net.
9:41 of 3rd period - Shot by Matthew Tkachuk.
9:41 of 3rd period - Deflect By Aleksander Barkov.
9:41 of 3rd period - Stopped by Martin Jones without a rebound.
9:42 of 3rd period - Mikael Backlund wins face-off versus Brock Nelson in Lightning zone.
9:54 of 3rd period - Icing by Ben Chiarot.
9:55 of 3rd period - Aleksander Barkov wins face-off versus Brock Nelson in Lightning zone.
9:55 of 3rd period - Matthew Tkachuk is hit by Ben Chiarot and loses puck.
11:21 of 3rd period - Icing by Charlie McAvoy.
11:22 of 3rd period - Frederick Gaudreau wins face-off versus Teddy Blueger in Panthers zone.
11:36 of 3rd period - Icing by Radko Gudas.
11:37 of 3rd period - Teddy Blueger wins face-off versus Aleksander Barkov in Lightning zone.
11:43 of 3rd period - Erik Haula is hit by Owen Power and loses puck.
15:07 of 3rd period - Minor Penalty to John Klingberg for Tripping.
15:08 of 3rd period - Teddy Blueger wins face-off versus Aleksander Barkov in Lightning zone.
16:19 of 3rd period - Shot by Owen Power.
16:19 of 3rd period - Shot Misses the Net.
16:39 of 3rd period - Brandon Montour is hit by Jamie Benn and loses puck.
16:50 of 3rd period - Marco Scandella is hit by Matthew Tkachuk.
17:26 of 3rd period - Shot by Patrice Bergeron.
17:26 of 3rd period - Shot Misses the Net.
17:28 of 3rd period - Shot by Patrice Bergeron.
17:28 of 3rd period - Shot Misses the Net.
17:30 of 3rd period - Shot by Patrice Bergeron.
17:30 of 3rd period - Stopped by Alexandar Georgiev without a rebound.
17:31 of 3rd period - Brock Nelson wins face-off versus Roope Hintz in Panthers zone.
17:57 of 3rd period - Icing by Oliver Ekman-Larsson.
17:58 of 3rd period - Patrice Bergeron wins face-off versus Roope Hintz in Panthers zone.
18:13 of 3rd period - Shot by Jeff Skinner.
18:13 of 3rd period - Stopped by Alexandar Georgiev without a rebound.
18:14 of 3rd period - Brock Nelson wins face-off versus Aleksander Barkov in Panthers zone.
18:31 of 3rd period - Icing by Owen Power.
18:32 of 3rd period - Matthew Tkachuk wins face-off versus Patrice Bergeron in Panthers zone.
18:32 of 3rd period - Matthew Tkachuk is hit by Jeff Skinner.
19:09 of 3rd period - Icing by Jake Sanderson.
19:10 of 3rd period - Aleksander Barkov wins face-off versus Brock Nelson in Panthers zone.
19:15 of 3rd period - Shot by Aleksander Barkov.
19:15 of 3rd period - Shot Misses the Net.
19:17 of 3rd period - Shot by Aleksander Barkov.
19:17 of 3rd period - Deflect By Matthew Tkachuk.
19:17 of 3rd period - Stopped by Martin Jones without a rebound.
19:18 of 3rd period - Brock Nelson wins face-off versus Roope Hintz in Lightning zone.
19:51 of 3rd period - Off-side.
19:52 of 3rd period - Mikael Backlund wins face-off versus Patrice Bergeron in neutral zone.
Goals for this period are 1 for Panthers vs 0 for Lightning.
Shots for this period are 5 for Panthers vs 6 for Lightning.